 Dungeon Crawl Stone Soup version 0.30-a0-476-g330ca2eb8e (webtiles) character file.

Game seed: 4682643476966072120

367 bmack86 the Chopper (level 6, 0/56 HPs)
             Began as a Minotaur Fighter on Dec 22, 2022.
             Was a Follower of Okawaru.
             Killed from afar by an orc wizard (6 damage)
             ... with a magic dart
             ... on level 4 of the Dungeon.
             The game lasted 00:06:57 (2954 turns).

bmack86 the Chopper (Minotaur Fighter)              Turns: 2954, Time: 00:06:59

Health: 0/56       AC:  7    Str: 22    XL:     6   Next: 41%
Magic:  5/5        EV:  9    Int:  5    God:    Okawaru [*.....]
Gold:   264        SH:  5    Dex: 16    Spells: 5/5 levels left

rFire   . . .      SeeInvis .    a - +0 war axe
rCold   . . .      Faith    .    c - +0 buckler
rNeg    . . .      Spirit   .    b - +0 scale mail
rPois   .          Reflect  .    (helmet restricted)
rElec   .          Harm     .    (no cloak)
rCorr   .          Rampage  .    (no gloves)
Will    .....                    (no boots)
Stlth   ..........               (no amulet)
HPRegen 0.29/turn                p - +6 ring of dexterity
MPRegen 0.09/turn                (no ring)

@: no status effects
A: horns 2, retaliatory headbutt
a: Renounce Religion, Heroism


You were on level 4 of the Dungeon.
You worshipped Okawaru.
Okawaru was aware of your devotion.
You visited 1 branch of the dungeon, and saw 4 of its levels.

You collected 264 gold pieces.

Inventory:

Hand Weapons
 a - a +0 war axe (weapon)
Armour
 b - a +0 scale mail (worn)
 c - a +0 buckler (worn)
Jewellery
 p - a +6 ring of dexterity (left hand)
 q - a ring of positive energy
Scrolls
 e - a scroll of noise {unknown}
 f - 2 scrolls of identify {unknown}
 h - 2 scrolls of magic mapping
 k - 4 scrolls of teleportation
 l - a scroll of silence {unknown}
 m - a scroll of fear {unknown}
 t - a scroll of amnesia {unknown}
 u - a scroll of enchant weapon {unknown}
Potions
 d - a potion of might
 g - a potion of curing {unknown}
 i - 2 potions of haste {unknown}
 j - 3 potions of mutation {unknown}
 n - a potion of invisibility {unknown}
 o - 3 potions of flight {unknown}
 r - a potion of attraction {unknown}
 s - a potion of magic {unknown}


   Skills:
 + Level 5.1 Fighting
 * Level 5.4 Axes
 + Level 5.1 Armour
 + Level 5.1 Shields


You had 5 spell levels left.
You didn't know any spells.
Your spell library contained the following spells:

 Spells                   Type           Power      Damage    Failure   Level
 Apportation              Tloc           0%         N/A       86%         1
 Necrotise                Necr           0%         1d4       86%         1
 Summon Small Mammal      Summ           Unusable   N/A       N/A         1

Dungeon Overview and Level Annotations

Branches:
Dungeon (4/15)
 Temple: D:4-7

Altars:
Elyvilon
Okawaru


Innate Abilities, Weirdness & Mutations

You have a pair of horns on your head.
You reflexively headbutt those who attack you in melee.


Message History

* * * LOW HITPOINT WARNING * * *
You slash the orc wizard!
You kill the orc wizard!
Okawaru accepts your kill.
You hit the orc wizard but do no damage.
The orc wizard hits you but does no damage.
Unknown command.
Things that are here:
a +0 dagger; a +0 robe; an orc corpse The orc wizard attacks as you move away!
The orc wizard hits you but does no damage.
You closely miss the orc wizard.
The orc wizard is heavily wounded.
The orc wizard casts a spell at you. The magic dart hits you.
* * * LOW HITPOINT WARNING * * *
The orc wizard hits you but does no damage.
You slash the orc wizard!
The orc wizard is almost dead.
The orc wizard points at you and mumbles some strange words.
You are confused.
You're too confused to move!
The orc wizard hits you with a +0 dagger.
* * * LOW HITPOINT WARNING * * *
The orc wizard hits you but does no damage.
The orc wizard hits you with a +0 dagger.
* * * LOW HITPOINT WARNING * * *
You see here a +0 hand axe.
The orc wizard hits you with a +0 dagger.
* * * LOW HITPOINT WARNING * * *
You bump into the rock wall.
The orc wizard hits you with a +0 dagger.
* * * LOW HITPOINT WARNING * * *
The orc wizard attacks as you move away!
The orc wizard hits you with a +0 dagger.
* * * LOW HITPOINT WARNING * * *
You feel less confused. The orc wizard casts a spell at you.
The magic dart hits you.
You die...

#.....#############
#..................
#....############## #
#.†..# #........
#.###.)..# .........
#...#....# #........
#..)o).# #........
#####...###### #......).
.......@)....# #......†.
...............#........
................#........
.............)..#........
................#........
...=..........#.#........
.............# #########
###########...


You could see an orc wizard.

Vanquished Creatures
  2 ogres (D:4)
  A hound (D:4)
  An iguana (D:4)
  An orc wizard (D:4)
  3 adders
  2 worms
  2 dart slugs (D:3)
  7 orcs (D:4)
  4 bats
  2 endoplasms
  5 giant cockroaches
  8 goblins
  5 hobgoblins
  3 kobolds (D:2)
  5 quokkas
  13 ball pythons
  4 frilled lizards
  6 rats
74 creatures vanquished.

Notes
Turn   | Place    | Note
-------+----------+-------------------------------------------
     0 | D:1      | bmack86 the Minotaur Fighter began the quest for the Orb.
     0 | D:1      | Reached XP level 1. HP: 19/19 MP: 0/0
   313 | D:1      | Reached XP level 2. HP: 26/27 MP: 1/1
  1204 | D:2      | Reached XP level 3. HP: 33/33 MP: 2/2
  1953 | D:3      | Reached XP level 4. HP: 40/40 MP: 3/3
  2081 | D:3      | Found a white marble altar of Elyvilon.
  2459 | D:3      | Found an iron altar of Okawaru.
  2465 | D:3      | Became a worshipper of Warmaster Okawaru
  2810 | D:4      | Noticed an ogre
  2815 | D:4      | Killed an ogre
  2816 | D:4      | Reached XP level 5. HP: 47/47 MP: 4/4
  2888 | D:4      | Reached * piety under Okawaru
  2918 | D:4      | Noticed an ogre
  2925 | D:4      | Killed an ogre
  2926 | D:4      | Reached skill level 5 in Fighting
  2926 | D:4      | Reached skill level 5 in Axes
  2926 | D:4      | Reached skill level 5 in Armour
  2926 | D:4      | Reached skill level 5 in Shields
  2926 | D:4      | Reached XP level 6. HP: 40/56 MP: 5/5
  2954 | D:4      | Killed from afar by an orc wizard

Illustrated notes

Levels and vault maps discovered:
D:1:      minmay_arrival_loop, layout_basic
D:2:      layout_basic
D:3:      layout_loops_cross, marbit_many_paths, nicolae_elyvilon_peaceful_grove
D:4:      layout_basic, kennysheep_generic_room_3, uniq_crazy_yiuf_cottage,
          uniq_natasha

Skill      XL: |  1  2  3  4  5 |
---------------+----------------+-----
Axes           | 3 4 5 |  5.4
Fighting       | 4 5 |  5.1
Shields        | 4 5 |  5.1
Armour         | 4 5 |  5.1

Action                   |  1- 3 |  4- 6 || total
-------------------------+-------+-------++-------
Melee: War axe           |    84 |    50 ||   134
       Headbutt          |     5 |     3 ||     8
  Use: Scroll            |     2 |       ||     2
       Potion            |       |     1 ||     1
Armor: Scale mail        |    40 |    29 ||    69
Dodge: Dodged            |    37 |    27 ||    64
Block: Buckler           |    17 |    24 ||    41

Table legend: (Time is in decaauts)
 A = Elapsed time spent in this place.
 B = Non-inter-level travel time spent in this place.
 C = Inter-level travel time spent in this place.
 D = Time resting spent in this place.
 E = Time spent auto-exploring this place.
 F = Levels seen in this place.
 G = Mean time per level.
                   A        B        C        D        E       F      G
               +--------+--------+--------+--------+--------+-----+--------+
         Total |   3002 |   2922 |     80 |      6 |   2215 |   4 |  750.5 |
       Dungeon |   3002 |   2922 |     80 |      6 |   2215 |   4 |  750.5 |
               +--------+--------+--------+--------+--------+-----+--------+

Top non-repeatable levels by time:
     D:2: 973 daAuts
     D:1: 905 daAuts
     D:3: 781 daAuts
     D:4: 342 daAuts
